 Dungeon Sprint DCSS version 0.26-a0-958-gf3041fb45f (webtiles) character file.

Game seed: 10576352143975195718

6598 iamoutofideas the Eclecticist (level 10, -2/50 HPs)
             Began as a Deep Elf Fire Elementalist on Dec 1, 2020.
             Was a Priest of Vehumet.
             Slain by Edmund
             ... wielding a +0 great mace of freezing
              (5 damage)
             ... in the Dungeon (Sprint III: "The Ten Rune Challenge").
             The game lasted 00:05:43 (1824 turns).

iamoutofideas the Eclecticist (DEFE)                Turns: 1824, Time: 00:05:44

Health: -2/50      AC:  3    Str:  5    XL:     10   Next: 71%
Magic:  30/34      EV: 14    Int: 24    God:    Vehumet [***...]
Gold:   56         SH:  0    Dex: 15    Spells: 24/45 levels left

rFire    . . .     SeeInvis .   (no weapon)
rCold    . . .     Faith    .   (no shield)
rNeg     . . .     Spirit   .   a - +0 robe
rPois    .         Reflect  .   (no helmet)
rElec    .         Harm     .   i - +0 cloak
rCorr    .         Rampage  .   (no gloves)
MR       +....     NoTele   +   (no boots)
Stlth    ++........             (no amulet)
HPRegen  0.16/turn              (no ring)
MPRegen  0.24/turn              (no ring)

@: lethally poisoned (-2 -> -5), slowed, very slow
A: no striking features
a: Renounce Religion


You were in the Dungeon.
You worshipped Vehumet.
Vehumet was most pleased with you.
You visited 1 branch You collected 56 gold pieces.

Inventory:

Armour
 a - a +0 robe (worn)
 i - a +0 cloak (worn)
Scrolls
 h - a scroll of blinking
 j - 2 scrolls of holy word {unknown}
 k - 4 scrolls of identify
 l - 2 scrolls of remove curse {unknown}
Potions
 b - a potion of degeneration {unknown}
 d - 3 potions of heal wounds
 e - a potion of haste
 f - a potion of magic
 g - 2 potions of berserk rage
 m - 5 potions of mutation
 n - a potion of flight {unknown}
 o - 2 potions of might
Miscellaneous
 p - a tin of tremorstones (2/2)


   Skills:
 - Level 3.5 Dodging
 - Level 3.3 Stealth
 + Level 18.2 Spellcasting
 + Level 15.3 Conjurations
 + Level 16.1 Fire Magic


You had 24 spell levels left.
You knew the following spells:

 Your Spells              Type           Power        Failure   Level
a - Foxfire               Conj/Fire      ####         0%          1
b - Conjure Flame         Conj/Fire      #######.     0%          3
c - Sticky Flame          Conj/Fire      #######.     1%          4
d - Fireball              Conj/Fire      #######...   1%          5
e - Blink                 Tloc           N/A          3%          2
f - Mephitic Cloud        Conj/Pois/Air  #####...     1%          3
g - Ignite Poison         Fire/Tmut/Pois #####...     1%          3

Your spell library contained the following spells:

 Spells                   Type           Power        Failure   Level
 Fulminant Prism          Conj/Hex       ######....   1%          4
 Magic Dart               Conj           ####         0%          1
 Inner Flame              Hex/Fire       ######..     1%          3
 Call Imp                 Summ           ###.....     3%          2
 Slow                     Hex            ###.....     3%          2


Dungeon Overview and Level Annotations

Branches:
Dungeon (1/1)

Altars:
Cheibriados
Dithmenos
Elyvilon
Fedhas
Gozag
Hepliaklqana
Kikubaaqudgha
Makhleb
Nemelex Xobeh
Okawaru
Qazlal
Ru
Sif Muna
Trog
Uskayaw
Vehumet
Wu Jian
Xom
Yredelemnul
Zin
The Shining One
Beogh
Jiyva
Lugonu

Annotations:
D Edmund


Message History

You feel better.
Edmund throws a curare-tipped dart.
The curare-tipped dart hits you.
You are poisoned.
You have difficulty breathing.
You feel as though you will be slow longer.
Magic courses through your body.
You feel sick.
Edmund hits you with a +0 great mace of freezing!
Edmund freezes you.
* * * LOW HITPOINT WARNING * * *
Casting: Fireball (safe; 1% risk of failure)
Confirm with . or Enter, or press ? or * to list all spells.
Aiming: Fireball (safe; 1% risk of failure)
Press: ? - help, Shift-Dir - straight line
Okay, then.
You feel sick.
You feel sick.
Edmund hits you with a +0 great mace of freezing!
* * * LOW HITPOINT WARNING * * *
Edmund freezes you.
You die...

####################
≈§§'.#.(...'.#.#.#.+
≈§§#.#.#...##.#.#.##
§§.#.#.#)).#.#.#.#.#
.§§#...#)..##.#.#.#
▓▓▓▓▓▓▓▓▓▓▓#.#.#@#
##.#@#.# +.#.#.#.#
##(#.#.## #'#####
.). #...# #...#
#####


You could see Edmund.

Vanquished Creatures
  Sigmund (D)
  Josephine (D)
  A centaur warrior (D)
  An unseen horror (D)
  A deep elf mage (D)
  A shadow (D)
  A spatial vortex (D)
  A necrophage (D)
  2 centaurs (D)
  A water elemental (D)
  A jelly (D)
  Crazy Yiuf (D)
  A wizard (D)
  Jessica (D)
  A necromancer (D)
  A kobold demonologist (D)
  3 humans (D)
  2 oozes (D)
  A rat (D)
23 creatures vanquished.

Vanquished Creatures (others)
  A hydra (D)
  74 foxfires (D)
  2 plants (D)
77 creatures vanquished.

Grand Total: 100 creatures vanquished

Notes
Turn   | Place    | Note
-------+----------+-------------------------------------------
     0 | D        | iamoutofideas the Deep Elf Fire Elementalist began the
                  | quest for the Orb.
     0 | D        | Reached XP level 1. HP: 10/10 MP: 6/6
   104 | D        | Reached skill level 4 in Spellcasting
   104 | D        | Reached XP level 2. HP: 4/15 MP: 3/9
   220 | D        | Noticed Jessica
   224 | D        | Killed Jessica
   225 | D        | Reached skill level 5 in Fire Magic
   225 | D        | Reached XP level 3. HP: 13/19 MP: 7/11
   322 | D        | Learned a level 3 spell: Conjure Flame
   359 | D        | Noticed Crazy Yiuf
   368 | D        | Killed Crazy Yiuf
   369 | D        | Reached skill level 5 in Spellcasting
   500 | D        | Reached skill level 6 in Spellcasting
   500 | D        | Reached XP level 4. HP: 19/24 MP: 5/14
   588 | D        | Learned a level 4 spell: Sticky Flame
   589 | D        | Noticed a water elemental
   591 | D        | Killed a water elemental
   592 | D        | Reached skill level 7 in Spellcasting
   592 | D        | Reached skill level 5 in Conjurations
   592 | D        | Reached XP level 5. HP: 28/28 MP: 14/17
   622 | D        | Found a basalt altar of Yredelemnul.
   622 | D        | Found a shadowy altar of Dithmenos.
   622 | D        | Found a sacrificial altar of Ru.
   622 | D        | Noticed a necrophage
   626 | D        | Reached skill level 8 in Spellcasting
   628 | D        | Killed a necrophage
   629 | D        | Reached skill level 9 in Spellcasting
   629 | D        | Killed an eight-headed hydra
   700 | D        | Learned a level 5 spell: Fireball
   834 | D        | Found a radiant altar of Vehumet.
   834 | D        | Found a shimmering blue altar of Sif Muna.
   834 | D        | Found an ancient bone altar of Kikubaaqudgha.
   836 | D        | Reached XP level 6. HP: 32/32 MP: 13/20
   845 | D        | Became a worshipper of Vehumet
   878 | D        | Found a glowing silver altar of Zin.
   878 | D        | Found a glowing golden altar of the Shining One.
   878 | D        | Found a white marble altar of Elyvilon.
   880 | D        | Noticed a deep elf mage
   881 | D        | Killed a deep elf mage
   882 | D        | Reached skill level 12 in Spellcasting
   882 | D        | Reached XP level 7. HP: 36/36 MP: 5/24
   982 | D        | Found a hide-covered altar of Uskayaw.
   982 | D        | Found a roughly hewn altar of Beogh.
   982 | D        | Found an iron altar of Okawaru.
   982 | D        | Found a bloodstained altar of Trog.
   982 | D        | Found an ornate altar of the Wu Jian Council.
   982 | D        | Noticed a human
   984 | D        | Killed a human
   984 | D        | Killed a human
   984 | D        | Reached * piety under Vehumet
   984 | D        | Offered knowledge of Shock by Vehumet.
   985 | D        | Reached skill level 10 in Conjurations
   997 | D        | Learned a level 2 spell: Blink
  1001 | D        | Learned a level 3 spell: Mephitic Cloud
  1048 | D        | Noticed a shadow
  1050 | D        | Killed a shadow
  1051 | D        | Reached skill level 13 in Spellcasting
  1051 | D        | Reached XP level 8. HP: 41/41 MP: 16/27
  1159 | D        | Found a blossoming altar of Fedhas.
  1159 | D        | Found a stormy altar of Qazlal.
  1159 | D        | Found a snail-covered altar of Cheibriados.
  1159 | D        | Found a burning altar of Makhleb.
  1159 | D        | Found a shimmering altar of Xom.
  1160 | D        | Found a hazy altar of Hepliaklqana.
  1160 | D        | Found an opulent altar of Gozag.
  1160 | D        | Found a sparkling altar of Nemelex Xobeh.
  1160 | D        | Found a corrupted altar of Lugonu.
  1160 | D        | Found a viscous altar of Jiyva.
  1176 | D        | Offered knowledge of Freeze by Vehumet.
  1176 | D        | Reached ** piety under Vehumet
  1255 | D        | Noticed Josephine
  1258 | D        | Killed Josephine
  1259 | D        | Reached skill level 14 in Spellcasting
  1259 | D        | Reached XP level 9. HP: 19/45 MP: 7/29
  1550 | D        | Noticed a centaur warrior
  1552 | D        | Offered knowledge of Ignite Poison by Vehumet.
  1553 | D        | Killed a centaur warrior
  1553 | D        | Reached *** piety under Vehumet
  1554 | D        | Reached skill level 15 in Spellcasting
  1677 | D        | Learned a level 3 spell: Ignite Poison
  1695 | D        | Killed an unseen horror
  1696 | D        | Reached skill level 16 in Spellcasting
  1812 | D        | Noticed Sigmund
  1812 | D        | Noticed Edmund
  1817 | D        | Killed Sigmund
  1817 | D        | Offered knowledge of Fulminant Prism by Vehumet.
  1818 | D        | Reached skill level 18 in Spellcasting
  1818 | D        | Reached skill level 15 in Conjurations
  1818 | D        | Reached XP level 10. HP: 36/50 MP: 8/34
  1824 | D        | Slain by Edmund

Illustrated notes

Levels and vault maps discovered:
D:        dungeon_sprint_mu [sprint_mu_entry_cave, sprint_mu_temple_rooms,
          sprint_mu_d1_horrors, sprint_mu_d2_genie, sprint_mu_d3_branching,
          sprint_mu_orc_legion, sprint_mu_elf_gauntlet, sprint_mu_hive_nellie,
          sprint_mu_lair_fedhas, sprint_mu_vaults_butterflies,
          sprint_mu_slime_circle, sprint_mu_swamp_cave, sprint_mu_shoals_kraken,
          sprint_mu_blade_basic, sprint_mu_crypt_chambers,
          sprint_mu_tomb_spiral, sprint_mu_vestibule_basic,
          sprint_mu_gehenna_hellfire, sprint_mu_dis_giant,
          sprint_mu_tartarus_statrot, sprint_mu_cocytus_islands, sprint_mu_zot1]

Skill      XL: |  1  2  3  4  5  6  7  8  9 |
---------------+----------------------------+-----
Fire Magic     | 4 5 6 7 9 11 13 16 | 16.1
Dodging        | 3 |  3.5
Spellcasting   | 4 6 7 9 12 13 14 18 | 18.2
Stealth        | 3 |  3.3
Conjurations   | 3 5 7 9 10 12 15 | 15.3

Action                   |  1- 3 |  4- 6 |  7- 9 | 10-12 || total
-------------------------+-------+-------+-------+-------++-------
 Cast: Foxfire           |    27 |     4 |    16 |       ||    47
       Sticky Flame      |       |     2 |       |       ||     2
       Fireball          |       |     4 |    20 |     1 ||    25
       Mephitic Cloud    |       |       |     3 |       ||     3
       Ignite Poison     |       |       |     1 |       ||     1
  Use: Potion            |       |       |       |     2 ||     2
Armor: Robe              |     2 |       |       |       ||     2
Dodge: Dodged            |     8 |       |    10 |       ||    18

Table legend: (Time is in decaauts)
 A = Elapsed time spent in this place.
 B = Non-inter-level travel time spent in this place.
 C = Inter-level travel time spent in this place.
 D = Time resting spent in this place.
 E = Time spent auto-exploring this place.
 F = Levels seen in this place.
 G = Mean time per level.
                   A        B        C        D        E       F      G
               +--------+--------+--------+--------+--------+-----+--------+
         Total |   1834 |   1795 |     39 |   1326 |      6 |   1 | 1834.0 |
       Dungeon |   1834 |   1795 |     39 |   1326 |      6 |   1 | 1834.0 |
               +--------+--------+--------+--------+--------+-----+--------+

Top non-repeatable levels by time:
       D: 1834 daAuts
